 Dungeon Crawl Stone Soup version 0.30-a0-12-gd8047c6341 (webtiles) character file.

Game seed: 3900618833264139527

7 IdlyInterested the Digger (level 1, -3/16 HPs)
             Began as a Demonspawn Wanderer on Aug 23, 2022.
             Slain by a goblin
             ... wielding a +1 mace of protection
              (7 damage)
             ... on level 1 of the Dungeon.
             The game lasted 00:01:19 (626 turns).

IdlyInterested the Digger (Demonspawn Wanderer)      Turns: 626, Time: 00:01:20

Health: -3/16      AC:  2    Str:  9    XL:     1   Next: 91%
Magic:  0/2        EV: 11    Int: 16    God:
Gold:   40         SH:  4    Dex: 12    Spells: 1/2 levels left

rFire   . . .      SeeInvis .    a - +0 dagger
rCold   . . .      Faith    .    b - +0 buckler
rNeg    . . .      Spirit   .    d - +0 robe
rPois   .          Reflect  .    (no helmet)
rElec   .          Harm     .    (no cloak)
rCorr   .          Rampage  .    (no gloves)
Will    .....                    (no boots)
Stlth   +.........               (no amulet)
HPRegen 0.05/turn                (no ring)
MPRegen 0.08/turn                (no ring)

@: no status effects
A: no striking features
a: no special abilities


You were on level 1 of the Dungeon.
You visited 1 branch of the dungeon, and saw 1 of its levels.

You collected 40 gold pieces.

Inventory:

Hand Weapons
 a - a +0 dagger (weapon)
Armour
 b - a +0 buckler (worn)
 d - a +0 robe (worn)
Scrolls
 e - 2 scrolls of teleportation
Potions
 c - a potion of heal wounds


   Skills:
 * Level 1.7 Fighting
 - Level 1.0 Armour
 - Level 1.0 Dodging
 + Level 0.7 Stealth
 - Level 2.6 Shields
 - Level 1.0 Spellcasting
 - Level 2.6 Earth Magic


You had one spell level left.
You knew the following spells:

 Your Spells              Type           Power      Damage    Failure   Level
a - Sandblast             Erth           18%        2d7       10%         1

Your spell library contained the following spells:

 Spells                   Type           Power      Damage    Failure   Level
 Leda's Liquefaction      Hex/Erth       2%         N/A       86%         4
 Petrify                  Tmut/Erth      5%         N/A       86%         4


Dungeon Overview and Level Annotations

Branches:
Dungeon (1/15)

Altars:


Message History

The giant cockroach barely misses you.
The giant cockroach bites you but does no damage.
Aiming: Sandblast (safe; 10% risk of failure)
Press: ? - help, Q - select action Shift-Dir - straight line, f/p - giant cockroach
Aim: a giant cockroach (almost dead, 81% to hit)
The blast of sand hits the giant cockroach.
You kill the giant cockroach!
Unknown command.
You start resting.
Magic restored.
You start resting.
A goblin is nearby!
Aiming: Sandblast (safe; 10% risk of failure)
Press: ? - help, Q - select action Shift-Dir - straight line, f - you
Okay, then.
You start resting.
A goblin is nearby!
Aiming: Sandblast (safe; 10% risk of failure)
Press: ? - help, Q - select action Shift-Dir - straight line, f - goblin
Aim: a goblin, wielding a +1 mace of protection (wandering, hasn't noticed you, 76% to hit)
The blast of sand misses the goblin.
The goblin shouts!
The goblin closely misses you.
Aiming: Sandblast (safe; 10% risk of failure)
Press: ? - help, Q - select action Shift-Dir - straight line, f/p - goblin
Aim: a goblin, wielding a +1 mace of protection (76% to hit)
The blast of sand hits the goblin.
The goblin is heavily wounded.
The goblin barely misses you.
You barely miss the goblin.
The goblin is heavily wounded.
The goblin closely misses you.
You barely miss the goblin.
The goblin is heavily wounded.
The goblin hits you with a +1 mace of protection!
* * * LOW HITPOINT WARNING * * *
You hit the goblin but do no damage.
The goblin is heavily wounded.
The goblin hits you with a +1 mace of protection!
You die...

.#..##.#...#.#####...#
...........#.### #...#
#...................#
##.##.#.###.#####...#
#.#.....# #...#
#.#.###.####
..#.........
#.#.#########.
#.#.g@........
#.#.####.####.
..........g..#
.#.#.†..####.# .......
...##.#.# .# #.#.#
#.### ##


You could see a goblin.

Vanquished Creatures
  An endoplasm (D:1)
  A giant cockroach (D:1)
  3 hobgoblins (D:1)
  A ball python (D:1)
6 creatures vanquished.

Notes
Turn   | Place    | Note
-------+----------+-------------------------------------------
     0 | D:1      | IdlyInterested the Demonspawn Wanderer began the quest for
                  | the Orb.
     0 | D:1      | IdlyInterested set off with the following items: a +0
                  | dagger, a +0 buckler, a potion of heal wounds, a +0 robe, a
                  | scroll of teleportation; and the following spell memorised:
                  | Sandblast; and the following spells available to memorise:
                  | Leda's Liquefaction, Petrify.
     0 | D:1      | Reached XP level 1. HP: 15/15 MP: 2/2
   626 | D:1      | Slain by a goblin

Illustrated notes

Levels and vault maps discovered:
D:1:      reono_arrival_forest_river, layout_basic,
          ebering_ecumenical_altar_box, serial_shops, shop

Action                   || total
-------------------------++-------
Melee: Dagger            ||    35
 Cast: Sandblast         ||     9
Armor: Robe              ||     7
Dodge: Dodged            ||    15
Block: Buckler           ||     9

Table legend: (Time is in decaauts)
 A = Elapsed time spent in this place.
 B = Non-inter-level travel time spent in this place.
 C = Inter-level travel time spent in this place.
 D = Time resting spent in this place.
 E = Time spent auto-exploring this place.
 F = Levels seen in this place.
 G = Mean time per level.
                   A        B        C        D        E       F      G
               +--------+--------+--------+--------+--------+-----+--------+
         Total |    634 |    634 |      0 |    461 |    107 |   1 |  634.0 |
       Dungeon |    634 |    634 |      0 |    461 |    107 |   1 |  634.0 |
               +--------+--------+--------+--------+--------+-----+--------+

Top non-repeatable levels by time:
     D:1: 634 daAuts
